 Dungeon Crawl Stone Soup version 0.26.0-45-g9c1d065592 (webtiles) character file.

Game seed: 13436214523022700643

22 Kejsarherre the Sneak (level 2, -4/25 HPs)
             Began as a Demonspawn Delver on Jan 31, 2021.
             Was an Initiate of Nemelex Xobeh.
             Slain by a bullfrog (5 damage)
             ... on level 6 of the Dungeon.
             The game lasted 00:05:51 (1861 turns).

Kejsarherre the Sneak (Demonspawn Delver)           Turns: 1861, Time: 00:05:52

Health: -4/25      AC:  3    Str: 12    XL:     2   Next: 68%
Magic:  2/2        EV: 12    Int: 11    God:    Nemelex Xobeh [......]
Gold:   31         SH:  0    Dex: 14    Spells: 1/1 levels left

rFire    . . .     SeeInvis .   a - +0 falchion
rCold    . . .     Faith    .   (no shield)
rNeg     . . .     Spirit   .   b - +0 leather armour
rPois    .         Reflect  .   (no helmet)
rElec    .         Harm     .   (no cloak)
rCorr    .         Rampage  .   (no gloves)
Will     .....                  (no boots)
Stlth    ++........             (no amulet)
HPRegen  0.08/turn              (no ring)
MPRegen  0.08/turn              (no ring)

@: no status effects
A: claws 1
a: Renounce Religion, Draw Escape, Draw Destruction, Draw Summoning


You were on level 6 of the Dungeon.
You worshipped Nemelex Xobeh.
Nemelex Xobeh was noncommittal.
You visited 2 branches of the dungeon, and saw 3 of its levels.

You collected 31 gold pieces.

Inventory:

Hand Weapons
 a - a +0 falchion (weapon)
Armour
 b - a +0 leather armour (worn)
Wands
 g - a wand of digging (1)
Scrolls
 c - a scroll of fog


   Skills:
 - Level 4.0 Fighting
 + Level 1.8 Long Blades
 - Level 1.7 Dodging
 - Level 4.5 Stealth


You had one spell level left.
You didn't know any spells.
Your spell library contained the following spells:

 Spells                   Type           Power        Failure   Level
 Animate Skeleton         Necr           0%           41%         1
 Apportation              Tloc           0%           41%         1
 Corona                   Hex            0%           41%         1
 Summon Small Mammal      Summ           0%           41%         1


Dungeon Overview and Level Annotations

Branches:
Dungeon (6/15)             Temple (1/1) D:5

Altars:
Cheibriados
Elyvilon
Gozag
Makhleb
Nemelex Xobeh
Qazlal
Trog
Uskayaw
Wu Jian
Xom


Innate Abilities, Weirdness & Mutations

You have sharp fingernails.


Message History

The orc wizard barely misses you. The orc wizard casts a spell at you.
The puff of flame hits you!
The leopard gecko skeleton closely misses you.
The bullfrog misses you.
You riposte.
You hit the bullfrog but do no damage. The bullfrog hits you.
The leopard gecko skeleton bites you. The bullfrog barely misses you.
You riposte.
You barely miss the bullfrog.
There is an open door here.
You aren't carrying any potions.
Okay, then.
Evoke which item? (* to show all) (? for menu, Esc to quit)
Okay, then.
You aren't carrying any potions.
The bullfrog hits you.
* * * LOW HITPOINT WARNING * * *
The bullfrog hits you.
* * * LOW HITPOINT WARNING * * *
The bullfrog hits you.
You die...
Your body disappears without a glow.

########### ##############
*##.........########..<..........
,..............#...#.#######.o...
,..............#...........+.....
,.....................######.....
,,....#...............#....##+###
####.....##...........#....##.#..
...#..#..........FZo..'..........
...#..#.........@######.....#....
......#...#.#####............#...
.............$.,,........!.......
......#!....###**.........#.[....
...)..#####....,,................
...o....S#...(.,,................
...#.##+##......,..............##
...#.#......####*#.............#*
.>..........,,,,,.........,.....*


You could see a bullfrog, an orc wizard and a leopard gecko skeleton.

Vanquished Creatures
  A shadow imp (D:5)
  An adder skeleton (D:6)
  A leopard gecko (D:5)
  3 orcs
  A giant cockroach (D:6)
  A quokka (D:5)
8 creatures vanquished.

Notes
Turn   | Place    | Note
-------+----------+-------------------------------------------
     0 | D:5      | Kejsarherre the Demonspawn Delver began the quest for the
                  | Orb.
     0 | D:5      | Reached XP level 1. HP: 18/18 MP: 1/1
     6 | D:5      | Noticed a worker ant
    16 | D:6      | Noticed a bullfrog
    49 | D:6      | Noticed an orc wizard
    85 | D:5      | Found a staircase to the Ecumenical Temple.
    90 | Temple   | Entered the Ecumenical Temple
   136 | Temple   | Became a worshipper of Nemelex Xobeh the Trickster
   380 | D:5      | Gained mutation: You have sharp fingernails. [demonic
                  | ancestry]
   380 | D:5      | Reached XP level 2. HP: 16/24 MP: 2/2
  1859 | D:6      | HP: 1/25 [bullfrog (5)]
  1861 | D:6      | Slain by a bullfrog

Illustrated notes

Levels and vault maps discovered:
D:5:      layout_basic, minmay_temple_entry_from_below_a,
          serial_co_window_serial, co_window_corner_a, co_window_corner_a,
          co_window_paths_a, co_window_paths_a, co_window_of_opportunity_a,
          co_window_paths_a, co_window_cross_1, co_window_paths_a,
          co_window_paths_a, co_window_broadway_a, co_window_corner_ca,
          co_window_broadway_c, co_window_4corner_a, co_window_paths_e,
          glass_columns_c, glass_columns_b, kennysheep_windowed_goal,
          uniq_blork_the_orc, uniq_ijyb
D:6:      layout_basic, nemelex_spade_bored_becter
Temple:   eino_temple_lava

Skill      XL: |  1  2 |
---------------+-------+-----
Fighting       | 4 |  4.0
Long Blades    | |  1.8
Dodging        | |  1.7
Stealth        | |  4.5

Action                   || total
-------------------------++-------
Melee: Falchion          ||    59
Evoke: Wand              ||     2
  Use: Scroll            ||     2
       Potion            ||     1
Armor: Leather armour    ||    13
Dodge: Dodged            ||    50
       Rpst.: Falchion   ||    19
